 Dungeon Crawl Stone Soup version 0.28.0-53-g5a82cb258f (webtiles) character file.

Game seed: 11551011946920983933

49 DildoBatman the Conjurer (level 4, -1/30 HPs)
             Began as a Formicid Conjurer on May 28, 2022.
             Succumbed to an adder's poison
             ... on level 4 of the Dungeon.
             The game lasted 00:03:26 (948 turns).

DildoBatman the Conjurer (Formicid Conjurer)         Turns: 948, Time: 00:03:26

Health: -1/30      AC:  3    Str: 12    XL:     4   Next: 2%
Magic:  3/7        EV: 12    Int: 17    God:
Gold:   35         SH:  0    Dex: 11    Spells: 4/7 levels left

rFire   . . .      SeeInvis +   c - +0 club
rCold   . . .      Faith    .   (no shield)
rNeg    . . .      Spirit   .   a - +0 robe
rPois   .          Reflect  .   (helmet unavailable)
rElec   .          Harm     .   (no cloak)
rCorr   .          Rampage  .   (no gloves)
Will    .....                   g - +0 pair of boots
Stlth   ++........              (no amulet)
HPRegen 0.10/turn               (no ring)
MPRegen 0.10/turn               (no ring)

@: lethally poisoned (-1 -> -10)
A: permanent stasis, dig shafts and tunnels, antennae 3, four strong arms
a: Dig, Shaft Self


You were on level 4 of the Dungeon.
You visited 1 branch of the dungeon, and saw 3 of its levels.

You collected 35 gold pieces.

Inventory:

Hand Weapons
 c - a +0 club (weapon)
Missiles
 d - 4 poisoned darts
 e - 49 arrows
 f - 61 stones
Armour
 a - a +0 robe (worn)
 g - a +0 pair of boots (worn)
Scrolls
 b - a scroll of enchant armour {unknown}


   Skills:
 - Level 1.7 Dodging
 - Level 2.4 Stealth
 - Level 2.1 Spellcasting
 * Level 4.8 Conjurations


You had 4 spell levels left.
You knew the following spells:

 Your Spells              Type           Power      Damage    Failure   Level
a - Searing Ray           Conj           36%        2d5       3%          2
c - Magic Dart            Conj           72%        1d6       2%          1

Your spell library contained the following spells:

 Spells                   Type           Power      Damage    Failure   Level
 Static Discharge         Conj/Air       10%        N/A       11%         2
 Beastly Appendage        Tmut           2%         N/A       19%         1
 Dazzling Flash           Conj/Hex       20%        N/A       22%         3
 Wereblood                Tmut           1%         N/A       28%         2
 Spider Form              Tmut/Pois      1%         N/A       50%         3
 Fulminant Prism          Conj/Hex       5%         3d7       56%         4
 Iskenderun's Mystic Bla  Conj/Tloc      10%        2d4       56%         4
 Lightning Bolt           Conj/Air       5%         1d17      89%         5
 Maxwell's Capacitive Co  Air            0%         ∞         100%        8


Dungeon Overview and Level Annotations

Branches:
Dungeon (2/15)

Altars:


Innate Abilities, Weirdness & Mutations

You cannot be hasted, slowed, berserked, paralysed or teleported.
You can dig through walls and to a lower floor.
You have a pair of large antennae on your head. (SInv)
Your four strong arms can wield two-handed weapons with a shield.


Message History

Orders for allies: a - Attack new target. r - Retreat! s - Stop attacking. g - Guard the area. f - Follow me.
Anything else - Cancel.
You shout for attention!
The goblin barely misses you. The adder bites you.
What are your orders? t - Shout!
Orders for allies: a - Attack new target. r - Retreat! s - Stop attacking. g - Guard the area. f - Follow me.
Anything else - Cancel.
You shout for attention!
The adder bites you.
You are poisoned.
The adder poisons you! The goblin hits you with a +0 dagger.
The worm bites you! What are your orders? t - Shout!
Orders for allies: a - Attack new target. r - Retreat! s - Stop attacking. g - Guard the area. f - Follow me.
Anything else - Cancel.
You shout for attention!
You feel sick. The adder bites you.
You are more poisoned.
The adder poisons you! The goblin closely misses you.
The adder barely misses you. What are your orders? t - Shout!
Orders for allies: a - Attack new target. r - Retreat! s - Stop attacking. g - Guard the area. f - Follow me.
Anything else - Cancel.
You shout for attention!
You die...

....... ..#
.......## ..
........#
..##
.(......#
...
........#..#
........#.#
........w.#
..?...g@.#
......#S.#
.##.. #..#
## ....
.##.. .. ###
{ .. ...


You could see a worm, an adder and a goblin.

Vanquished Creatures
  An adder (D:2)
  3 dart slugs (D:1)
  2 ball pythons (D:1)
  An endoplasm (D:1)
  2 giant cockroaches (D:1)
  5 goblins (D:1)
  2 hobgoblins (D:1)
  7 jackals (D:1)
  2 bats
  3 frilled lizards (D:1)
  A kobold (D:1)
  3 rats
32 creatures vanquished.

Notes
Turn   | Place    | Note
-------+----------+-------------------------------------------
     0 | D:1      | DildoBatman the Formicid Conjurer began the quest for the
                  | Orb.
     0 | D:1      | Reached XP level 1. HP: 13/13 MP: 3/3
   196 | D:1      | Reached XP level 2. HP: 14/19 MP: 0/5
   199 | D:1      | Learned a level 2 spell: Searing Ray
   247 | D:1      | Reached skill level 4 in Conjurations
   497 | D:1      | Reached XP level 3. HP: 20/24 MP: 2/6
   930 | D:2      | Reached XP level 4. HP: 30/30 MP: 1/7
   934 | D:2      | You fall into a shaft and drop 2 floors!
   947 | D:4      | HP: 1/30 [adder (1)]
   948 | D:4      | Succumbed to an adder's poison

Illustrated notes

Levels and vault maps discovered:
D:1:      erik_arrival_triangle_medium, layout_basic, minmay_hedge_maze
D:2:      layout_basic, kennysheep_jessica_study, uniq_terence
D:4:      layout_rooms, nzn_wu_jian_contemplation,
          mainiacjoe_overflow_boulevard, fedhas_ov_isle_minmay,
          nicolae_overflow_hidden_temple, minmay_temple_entry_arrows,
          st_stairs_5, uniq_menkaure

Skill      XL: |  1  2 |
---------------+-------+-----
Conjurations   | 4 |  4.8
Dodging        | |  1.7
Stealth        | |  2.4
Spellcasting   | |  2.1

Action                   |  1- 3 |  4- 6 || total
-------------------------+-------+-------++-------
Melee: Unarmed           |     9 |       ||     9
       Club              |    19 |       ||    19
 Cast: Magic Dart        |    28 |       ||    28
       Searing Ray       |    10 |       ||    10
 Abil: Shaft Self        |       |     1 ||     1
Armor: Robe              |    10 |     2 ||    12
Dodge: Dodged            |    39 |     7 ||    46
